 Dungeon Crawl Stone Soup version 0.28.0-62-gf88900778d (webtiles) character file.

Game seed: 5326194230694731712

905 Mickster the Chopper (level 8, 0/69 HPs)
             Began as a Hill Orc Berserker on May 1, 2023.
             Was a Believer of Trog.
             Slain by a gnoll
             ... wielding a +0 spear
              (11 damage)
             ... on level 5 of the Dungeon.
             The game lasted 00:33:28 (3261 turns).

Mickster the Chopper (Hill Orc Berserker)           Turns: 3261, Time: 00:33:29

Health: 0/69       AC: 13    Str: 22    XL:     8   Next: 8%
Magic:  8/8        EV:  8    Int:  7    God:    Trog [**....]
Gold:   179        SH:  0    Dex: 10    Spells: 7/7 levels left

rFire   . . .      SeeInvis .   q - +2 falchion (drain)
rCold   . . .      Faith    .   h - orb {mayhem}
rNeg    . . .      Spirit   .   g - +0 chain mail
rPois   .          Reflect  .   c - +1 helmet
rElec   .          Harm     .   (no cloak)
rCorr   +          Rampage  .   (no gloves)
Will    .....                   d - +0 pair of boots
Stlth   ..........              (no amulet)
HPRegen 0.21/turn               j - ring of resist corrosion
MPRegen 0.11/turn               (no ring)

@: on berserk cooldown, hasted and slowed
A: no striking features
a: Renounce Religion, Berserk, Trog's Hand


You were on level 5 of the Dungeon.
You worshipped Trog.
Trog was pleased with you.
You visited 1 branch of the dungeon, and saw 4 of its levels.

You collected 179 gold pieces.

Inventory:

Hand Weapons
 a - a +0 hand axe
 e - a +0 hunting sling
 f - a +2 dagger of speed
 o - a +4 short sword
 q - a +2 falchion of draining (weapon)
Missiles
 i - 53 sling bullets
 l - 47 arrows
 m - 26 bolts
 n - 3 boomerangs (quivered)
 p - a throwing net
Armour
 c - a +1 helmet (worn)
 d - a +0 pair of boots (worn)
 g - a +0 chain mail (worn)
 h - an orb of mayhem (worn)
Jewellery
 j - a ring of resist corrosion (left hand)
Wands
 r - a wand of paralysis (4)
Scrolls
 k - a scroll of magic mapping {unknown}
 s - a scroll of teleportation


   Skills:
 + Level 5.4 Fighting
 - Level 2.0(2.5) Short Blades
 * Level 2.5(3.0) Long Blades
 - Level 6.2 Axes
 * Level 3.2 Throwing
 + Level 5.1 Armour
 + Level 2.8 Dodging
 + Level 0.2 Stealth


You had 7 spell levels left.
You didn't know any spells.
Your spell library was empty.

Dungeon Overview and Level Annotations

Branches:
Dungeon (5/15)             Temple (0/1) D:5

Altars:


Message History

The gnoll sergeant closely misses you.
The gnoll hits you but does no damage. x2
The gnoll sergeant hits you but does no damage.
The gnoll hits the gnoll sergeant with a +0 spear!
The gnoll closely misses you.
You hit the gnoll.
The gnoll is almost dead.
The gnoll barely misses the gnoll sergeant.
The gnoll hits you but does no damage.
The gnoll sergeant hits you but does no damage.
The gnoll completely misses you.
The gnoll hits the gnoll sergeant with a +0 spear!
The gnoll hits you but does no damage.
You closely miss the gnoll.
The gnoll is almost dead.
The gnoll hits the gnoll sergeant with a +0 spear!
The gnoll sergeant dies!
Trog accepts your kill. The gnoll hits you but does no damage.
The gnoll hits you with a +0 spear. The gnoll barely misses you.
The gnoll hits you with a +0 whip. The gnoll hits you but does no damage.
The gnoll hits you from afar with a +0 spear!
You have reached level 8!
You slash the gnoll!
You kill the gnoll!
Trog accepts your kill.
The gnoll hits you from afar with a +0 spear.
* * * LOW HITPOINT WARNING * * *
The gnoll hits you but does no damage. The gnoll barely misses you.
Unknown command.
You hit the gnoll but do no damage.
The gnoll hits you from afar with a +0 spear.
* * * LOW HITPOINT WARNING * * *
The gnoll hits you but does no damage.
The gnoll hits you from afar with a +0 spear.
* * * LOW HITPOINT WARNING * * *
The gnoll hits you with a +0 spear.
* * * LOW HITPOINT WARNING * * *
You feel yourself speed up. The gnoll barely misses you.
The gnoll hits you from afar with a +0 spear!
You die...

#################
#................
#................
#................ ....
#.....?.......... ...
#.......g@)g..... ...
#........))...... ...
#...##...############ #..
#...##...##..###....####..
#........#................
#........'................
#........#................
#...##...#######.....###.>
#... ######...##.....###..


You could see a gnoll and a neutral gnoll (fast, strong, insane).

Vanquished Creatures
  An ice beast (D:5)
  A sky beast (D:4)
  2 necrophages
  A black bear (D:5)
  An ogre (D:5)
  A wyvern skeleton (D:4)
  A jelly (D:4)
  A centaur skeleton (D:5)
  Jessica (D:2)
  An orc wizard (D:4)
  2 hound skeletons (D:4)
  Robin (D:2)
  3 gnolls (D:5)
  3 adders
  2 adder skeletons
  2 dart slugs (D:1)
  5 orcs
  4 ball pythons
  2 endoplasms (D:1)
  2 giant cockroaches
  8 hobgoblins
  A quokka (D:1)
  4 bats
  13 goblins
  2 kobolds
  2 rats
67 creatures vanquished.

Vanquished Creatures (collateral kills)
  A gnoll sergeant (D:5)
  A goblin (D:4)
2 creatures vanquished.

Vanquished Creatures (others)
  A fungus (D:1)
1 creature vanquished.

Grand Total: 70 creatures vanquished

Notes
Turn   | Place    | Note
-------+----------+-------------------------------------------
     0 | D:1      | Mickster the Hill Orc Berserker began the quest for the
                  | Orb.
     0 | D:1      | Reached XP level 1. HP: 19/19 MP: 1/1
   138 | D:1      | Reached XP level 2. HP: 7/27 MP: 2/2
  1342 | D:1      | Reached XP level 3. HP: 32/33 MP: 3/3
  1709 | D:2      | Reached skill level 5 in Axes
  1731 | D:2      | Reached ** piety under Trog
  1783 | D:2      | Noticed Jessica
  1795 | D:2      | Killed Jessica
  1796 | D:2      | Reached XP level 4. HP: 40/40 MP: 4/4
  1914 | D:2      | Noticed Robin
  1923 | D:2      | Killed Robin
  2196 | D:2      | You fall into a shaft and drop 2 floors!
  2227 | D:4      | Reached XP level 5. HP: 45/47 MP: 5/5
  2267 | D:4      | Noticed a sky beast
  2279 | D:4      | Killed a sky beast
  2280 | D:4      | Reached skill level 6 in Axes
  2280 | D:4      | Reached skill level 1 in Throwing
  2292 | D:4      | Reached XP level 6. HP: 50/53 MP: 6/6
  2442 | D:4      | Reached skill level 1 in Short Blades
  2477 | D:4      | Noticed a necrophage
  2491 | D:4      | Killed a necrophage
  2682 | D:5      | Entered Level 5 of the Dungeon
  2753 | D:5      | Reached XP level 7. HP: 60/60 MP: 7/7
  3011 | D:5      | Reached skill level 5 in Fighting
  3011 | D:5      | Reached skill level 1 in Long Blades
  3033 | D:5      | Found a staircase to the Ecumenical Temple.
  3256 | D:5      | Reached skill level 5 in Armour
  3259 | D:5      | Reached XP level 8. HP: 22/69 MP: 8/8
  3261 | D:5      | Slain by a gnoll

Illustrated notes

Levels and vault maps discovered:
D:1:      onia_arrival_mini_maze_b, layout_loops_ring, minmay_tall_x
D:2:      layout_basic, shapermc_ecumenical_altar_mp_ritualfount,
          amethyst_killhole, uniq_jessica, uniq_robin, uniq_terence
D:4:      kennysheep_the_goblin_king, layout_basic
D:5:      layout_gridville, minmay_temple_entry_sparse_star,
          minmay_joined_circles

Skill      XL: |  1  2  3  4  5  6  7 |
---------------+----------------------+-----
Fighting       | 4 5 |  5.4
Axes           | 5 6 |  6.2
Dodging        | 2 |  2.8
Armour         | 3 4 5 |  5.1
Throwing       | 1 2 3 |  3.2
Short Blades   | 2 |  2.0
Long Blades    | 2 |  2.5
Stealth        | |  0.2

Action                   |  1- 3 |  4- 6 |  7- 9 || total
-------------------------+-------+-------+-------++-------
Melee: Hand axe          |    88 |    20 |       ||   108
       Punch             |     1 |       |       ||     1
       Short sword       |       |    45 |       ||    45
       Dagger            |       |    46 |       ||    46
       Falchion          |       |       |    34 ||    34
Throw: Boomerang         |     3 |     3 |       ||     6
Invok: Berserk           |     1 |     5 |     2 ||     8
       Trog's Hand       |       |     3 |     1 ||     4
  Use: Scroll            |     3 |     1 |       ||     4
       Potion            |     2 |       |     1 ||     3
Armor: Animal skin       |    12 |       |       ||    12
       Scale mail        |    21 |     4 |       ||    25
       Chain mail        |       |    83 |    37 ||   120
Dodge: Dodged            |    74 |    58 |    18 ||   150
